 Dungeon Crawl Stone Soup version 0.30-a0-586-g23e55c9e0a (webtiles) character file.

Game seed: 13008184396667806283

65 Citaku the Trooper (level 3, 0/34 HPs)
             Began as a Minotaur Fighter on Jan 3, 2023.
             Slain by a gnoll
             ... wielding a +0 halberd
              (6 damage)
             ... on level 2 of the Dungeon.
             The game lasted 00:02:24 (925 turns).

Citaku the Trooper (Minotaur Fighter)                Turns: 925, Time: 00:02:25

Health: 0/34       AC:  8    Str: 20    XL:     3   Next: 94%
Magic:  2/2        EV:  9    Int:  5    God:
Gold:   46         SH:  4    Dex: 11    Spells: 2/2 levels left

rFire   . . .      SeeInvis .    a - +0 war axe
rCold   . . .      Faith    .    c - +0 buckler
rNeg    . . .      Spirit   .    b - +0 scale mail
rPois   .          Reflect  .    (helmet restricted)
rElec   .          Harm     .    (no cloak)
rCorr   .          Rampage  .    h - +0 pair of gloves
Will    .....                    (no boots) Stlth
                                 (no amulet)
HPRegen 0.25/turn                (no ring)
MPRegen 0.08/turn                (no ring)

@: mighty
A: horns 2, retaliatory headbutt
a: no special abilities


You were on level 2 of the Dungeon.
You visited 1 branch of the dungeon, and saw 2 of its levels.

You collected 46 gold pieces.

Inventory:

Hand Weapons
 a - a +0 war axe (weapon)
Armour
 b - a +0 scale mail (worn)
 c - a +0 buckler (worn)
 h - a +0 pair of gloves (worn)
Scrolls
 f - 4 scrolls of identify {unknown}
 i - a scroll of vulnerability {unknown}
 k - a scroll of fear {unknown}
Potions
 d - a potion of might
 e - a potion of cancellation {unknown}
 g - a potion of attraction {unknown}
 j - a potion of haste {unknown}


   Skills:
 + Level 4.3 Fighting
 + Level 3.3 Axes
 + Level 4.2 Armour
 + Level 4.3 Shields


You had 2 spell levels left.
You didn't know any spells.
Your spell library was empty.

Dungeon Overview and Level Annotations

Branches:
Dungeon (2/15)

Altars:

Shops:
D:2 :


Innate Abilities, Weirdness & Mutations

You have a pair of horns on your head.
You reflexively headbutt those who attack you in melee.


Message History

There is an entrance to Uniosock's Book Shoppe here.
A quokka comes into view.
A gnoll comes into view. It is wielding a +0 spear.
The quokka bites you.
The gnoll shouts!
A gnoll comes into view. It is wielding a +0 halberd.
The quokka barely misses you.
You slash the quokka!
You kill the quokka!
You see here a quokka corpse.
The gnoll hits you with a +0 spear.
The gnoll hits you from afar with a +0 halberd.
You see here a quokka corpse.
The gnoll closely misses you.
A gnoll comes into view. It is wielding a +0 spear.
The gnoll shouts!
The gnoll hits you from afar with a +0 halberd!
The gnoll hits you with a +0 spear. The gnoll hits you with a +0 halberd.
* * * LOW HITPOINT WARNING * * *
You see here a quokka corpse.
You barely miss the gnoll. You hit the gnoll but do no damage.
You block the gnoll's attack. The gnoll completely misses you.
You barely miss the gnoll. You hit the gnoll. The gnoll misses you.
You furiously retaliate!
You headbutt the gnoll!
You kill the gnoll!
The gnoll closely misses you. x2
You feel very mighty all of a sudden.
The gnoll hits you from afar with a +0 spear.
* * * LOW HITPOINT WARNING * * *
The gnoll hits you with a +0 halberd.
* * * LOW HITPOINT WARNING * * *
You barely miss the gnoll. The gnoll closely misses you.
You block the gnoll's attack.
You barely miss the gnoll. You headbutt the gnoll.
The gnoll is heavily wounded.
You block the gnoll's attack. The gnoll closely misses you.
You hit the gnoll.
The gnoll is almost dead.
You block the gnoll's attack. The gnoll hits you with a +0 halberd.
You die...

##... .'... ##...####
......... ........##
......... ........#### # #
#.g.@..##.#.#
#...g)......#
######.##.####
#.............
#####.####.##.####
#########..........#....
.#......#.###.#.##.......#
.#......#....<#........#.#
.#......##.............# #


You could see 2 gnolls.

Vanquished Creatures
  A gnoll (D:2)
  An adder (D:2)
  2 dart slugs (D:1)
  5 endoplasms
  3 giant cockroaches
  3 goblins
  A hobgoblin (D:2)
  5 jackals (D:1)
  3 quokkas
  4 ball pythons
  A bat (D:1)
  8 kobolds
  2 rats (D:1)
39 creatures vanquished.

Notes
Turn   | Place    | Note
-------+----------+-------------------------------------------
     0 | D:1      | Citaku the Minotaur Fighter began the quest for the Orb.
     0 | D:1      | Reached XP level 1. HP: 19/19 MP: 0/0
    75 | D:1      | Found a faded altar of an unknown god.
    99 | D:1      | Reached XP level 2. HP: 25/27 MP: 1/1
   363 | D:1      | Reached XP level 3. HP: 29/33 MP: 2/2
   863 | D:2      | Found Uniosock's Book Shoppe.
   925 | D:2      | Slain by a gnoll

Illustrated notes

Levels and vault maps discovered:
D:1:      co_arrival_square_in_a_square_in_a_square, layout_rooms,
          serial_forest, infiniplex_forest_lined_3,
          infiniplex_forest_clump_long, infiniplex_forest_zigzag_1,
          infiniplex_forest_join, hellmonk_ecumenical_altar_slurped_away
D:2:      layout_basic, serial_shops, shop, minmay_fractal_squares_gapless_5

Skill      XL: |  1  2 |
---------------+-------+-----
Fighting       | 4 |  4.3
Shields        | 4 |  4.3
Armour         | 4 |  4.2
Axes           | 3 |  3.3

Action                   || total
-------------------------++-------
Melee: War axe           ||    69
       Headbutt          ||     6
  Use: Potion            ||     1
Armor: Scale mail        ||    40
Dodge: Dodged            ||    45
Block: Buckler           ||    20

Table legend: (Time is in decaauts)
 A = Elapsed time spent in this place.
 B = Non-inter-level travel time spent in this place.
 C = Inter-level travel time spent in this place.
 D = Time resting spent in this place.
 E = Time spent auto-exploring this place.
 F = Levels seen in this place.
 G = Mean time per level.
                   A        B        C        D        E       F      G
               +--------+--------+--------+--------+--------+-----+--------+
         Total |    951 |    951 |      0 |      0 |    579 |   2 |  475.5 |
       Dungeon |    951 |    951 |      0 |      0 |    579 |   2 |  475.5 |
               +--------+--------+--------+--------+--------+-----+--------+

Top non-repeatable levels by time:
     D:1: 736 daAuts
     D:2: 215 daAuts
